Cogmind - Beta 14 @@@ ROGUE MODE // 2024.10.17 @ 15:13:20 Player: Some Pennies Result: Destroyed by as-34618 with Assembled Blade Performance ------------- Evolutions (3) 1500 Regions Visited (10) 2000 Robots Destroyed (195) 975 Value Destroyed (5088) 5088 Prototype IDs (26) 520 Alien Tech Used (0) 0 Bonus (2300) 2300 TOTAL SCORE: 12383 Bonus ------- Met Imprinter 300 Destroyed Z-Imprinter 1000 Triggered Deep Caves Wall 500 Exposed GOLEM Chamber 500 Cogmind --------- Core Integrity 0/700 Matter 235/300 Energy 179/290 System Corruption 3% Temperature Cool (22) Movement Walking (510) Ox4 Location -7/Deep Caves Parts ------- > --- POWER (1) -------- Improved Deuterium Engine > --- PROPULSION (4) --- Zionite Composite Leg I > --- UTILITY (6) ------ Huge Storage Unit Improved Signal Interpreter > --- WEAPON (2) ------- Heavy Plasma Cannon > --- INVENTORY (25) --- Zionite Light DM Reactor Zionite Light DM Reactor Zionite Light DM Reactor Zionite Biocell (600) Zionite Biocell (600) Energy Filter Transmission Jammer ECM Suite Phase Shifter Zionite Weapon Casing Light EM Pulse Cannon EM Pulse Cannon Cooled Particle Cannon Advanced EMP Blaster Improved Datajack CR-A16's Pointy Stick Peak State ------------ > --- POWER ------------ Zionite Light DM Reactor > --- PROPULSION ------- Zionite Composite Leg I Zionite Composite Leg I Zionite Composite Leg I Zionite Glidesys I > --- UTILITY ---------- Experimental Heat Sink Huge Storage Unit Improved Signal Interpreter Phase Shifter Zionite Heavy Carapace > --- WEAPON ----------- Cooled Particle Cannon Heavy Plasma Cannon > --- INVENTORY -------- Improved Deuterium Engine Zionite Light DM Reactor Zionite Light DM Reactor Zionite Biocell Zionite Biocell Improved Sensor Array Energy Filter Transmission Jammer ECM Suite Phase Shifter Zionite Weapon Casing Zionite Weapon Casing Zionite Weapon Casing Zionite Light Carapace Zionite Light Carapace Zionite Light Carapace Zionite Heavy Carapace Light EM Pulse Cannon EM Pulse Cannon Cooled Particle Cannon Advanced EMP Blaster Advanced EMP Blaster Improved Datajack CR-A16's Pointy Stick [Rating: 82] Favorites ----------- Power Reinforced Deuterium Engine Engine Reinforced Deuterium Engine Reactor Zionite Light DM Reactor Propulsion Light Treads Treads Light Treads Leg Zionite Composite Leg I Hover Unit Zionite Glidesys I Flight Unit Improved Flight Unit Utility Huge Storage Unit Device Improved Heat Sink Storage Huge Storage Unit Processor Improved Signal Interpreter Hackware Hacking Suite Protection Medium Reactive Plating Weapon Cooled Particle Cannon Energy Gun Zionite Laser-M Energy Cannon Cooled Particle Cannon Ballistic Gun Assault Rifle Ballistic Cannon Advanced Assault Cannon Launcher Advanced EMP Blaster Impact Weapon Powered Hammer Special Melee Weapon Improved Datajack Build | -11 -10 -10 -9 -9 -8 -7 -7 -7 -7 -7 ------- Run | Yrd Mat Min Mat Min Mat Fac Low Low Zio Dee Slots Evolved 6 | . . . 2 . 2 2 . . . . Power . | . . . . . . . . . . . Propulsion 2 | . . . 1 . 1 . . . . . Utility 4 | . . . 1 . 1 2 . . . . Weapon . | . . . . . . . . . . . Parts Attached 212 | 7 11 2 33 . 49 38 6 5 10 51 Power 15 | 1 2 . 4 . 2 2 . . . 4 Engine 12 | 1 2 . 4 . 2 2 . . . 1 Core . | . . . . . . . . . . . Reactor 3 | . . . . . . . . . . 3 Propulsion 52 | 2 2 . 14 . 11 13 1 2 . 7 Treads 37 | 2 2 . 13 . 10 5 1 2 . 2 Leg 4 | . . . . . 1 . . . . 3 Wheel . | . . . . . . . . . . . Hover 2 | . . . . . . . . . . 2 Flight 9 | . . . 1 . . 8 . . . . Utility 77 | 2 6 . 7 . 15 13 2 . 7 25 Device 33 | 1 1 . 4 . 5 6 1 . 4 11 Storage 8 | 1 2 . . . 2 2 . . . 1 Processor 3 | . . . . . 2 1 . . . . Hackware 4 | . . . . . 1 3 . . . . Protection 29 | . 3 . 3 . 5 1 1 . 3 13 Artifact . | . . . . . . . . . . . Weapon 68 | 2 1 2 8 . 21 10 3 3 3 15 Energy Gun 10 | . . . . . 3 1 . . . 6 Energy Cannon 26 | . 1 . 2 . 9 1 2 2 2 7 Ballistic Gun 8 | 2 . 1 3 . 1 1 . . . . Ballistic Cannon 8 | . . . 2 . 3 2 1 . . . Launcher 7 | . . 1 1 . 2 . . 1 . 2 Special Weapon . | . . . . . . . . . . . Impact Weapon 3 | . . . . . 1 2 . . . . Slashing Weapon . | . . . . . . . . . . . Piercing Weapon . | . . . . . . . . . . . Special Melee Weapon 6 | . . . . . 2 3 . . 1 . Unidentified Prototypes 23 | . . . 5 . 3 4 . . 1 10 Parts Lost 36 | . . . . . 3 . 1 1 . 31 Power 1 | . . . . . . . . . . 1 Propulsion 12 | . . . . . 1 . 1 1 . 9 Utility 16 | . . . . . 2 . . . . 14 Weapon 7 | . . . . . . . . . . 7 Highest Loss Streak 8 | . . . . . 2 . 1 1 . 8 To Critical Strikes . | . . . . . . . . . . . Average Slot Usage (%) 98 | . 99 100 99 100 99 98 99 99 99 86 Engine 9 | . 14 14 11 11 9 7 7 7 7 1 Treads 28 | . 28 28 32 33 35 12 29 29 30 7 Device 12 | . 1 . 10 11 10 11 23 23 20 13 Storage 9 | . 14 14 11 11 8 7 7 7 7 7 Processor 3 | . . . . . 4 6 7 7 7 7 Hackware 1 | . . . . . 2 16 . . . . Protection 9 | . 12 14 11 11 8 2 7 7 9 10 Energy Cannon 8 | . 6 14 8 . 10 . 4 14 12 9 Ballistic Gun 5 | . 21 13 10 . . . . . . . Ballistic Cannon 4 | . . . 3 22 6 6 9 . . . Peak Build Rating 82 | 9 13 14 26 24 39 47 49 52 57 82 Average Rating 36 | 6 12 13 24 24 34 40 46 51 51 67 On Entrance 29 | . 9 13 13 24 24 36 46 49 52 53 Naked Turns . | . . . . . . . . . . . Heaviest Build 132 | 15 97 97 104 104 123 130 132 126 126 126 Greatest Support 91 | 40 40 40 66 66 91 82 82 83 83 83 Greatest Overweight (x) 8 | 3 2 2 2 1 1 1 2 1 1 8 Average Overweight (x) 1 | . 1 2 1 1 . . 1 1 1 1 Largest Inventory Capacity 25 | 8 25 25 25 25 25 25 25 25 25 25 Average Capacity 24 | 7 22 25 25 25 24 16 25 25 25 25 Most Carried 25 | 7 25 25 25 25 25 25 25 25 25 25 Average Carried 23 | 3 22 24 24 25 24 13 24 24 24 23 Final Capacity 25 | 8 25 25 25 25 25 25 25 25 25 25 Final Carried 25 | 6 25 25 25 25 25 25 25 25 25 16 Class Distribution -------------------- 69% | Mutant 27% | Scavenger-Mutant Dominant Class ---------------- Mutant | -10/Materials Mutant | -10/Mines Mutant | -9/Materials Mutant | -9/Mines Scavenger-Mutant | -8/Materials Hacker-Sprinter | -7/Factory Scavenger-Mutant | -7/Lower Caves Mutant | -7/Lower Caves Mutant | -7/Zion Mutant | -7/Deep Caves Resources | -11 -10 -10 -9 -9 -8 -7 -7 -7 -7 -7 ----------- Run | Yrd Mat Min Mat Min Mat Fac Low Low Zio Dee Matter Collected 4043 | 309 623 82 720 96 866 277 565 75 80 350 Remotely . | . . . . . . . . . . . Salvage Created 8372 | 136 1397 77 2153 30 2207 565 372 248 . 1187 Parts 450 | 8 78 5 134 8 137 14 10 18 . 38 Haulers Intercepted 16 | . 2 . 6 . 5 3 . . . . Recyclers Shooed 3 | . 2 . 1 . . . . . . . Parts Field Recycled . | . . . . . . . . . . . Retrieved Matter . | . . . . . . . . . . . Parts Self-Destructed 26 | . . . . . . . 10 16 . . Prevented 4 | . . . . . . . 2 2 . . Kills | -11 -10 -10 -9 -9 -8 -7 -7 -7 -7 -7 ------- Run | Yrd Mat Min Mat Min Mat Fac Low Low Zio Dee Combat Hostiles Destroyed 122 | . 13 4 27 4 30 5 6 7 . 26 Melee 2 | . . . . . . 2 . . . . Guns 21 | . 13 . 5 . . . . . . 3 Cannons 68 | . . 2 18 4 26 1 6 6 . 5 AOE 25 | . . 2 3 . 3 . . 1 . 16 Classes Destroyed 20 | 2 8 1 3 . 3 1 . . . 2 Worker 20 | . 9 2 2 . 7 . . . . . Builder 7 | . 3 . 2 1 1 . . . . . Tunneler 12 | 3 2 2 1 . 3 1 . . . . Hauler 16 | . 2 . 6 . 5 3 . . . . Recycler 18 | 1 6 . 6 . 3 2 . . . . Mechanic 3 | . 1 . 1 . 1 . . . . . Operator 3 | . 2 . 1 . . . . . . . Watcher 14 | . 3 . 4 . 5 2 . . . . Swarmer 20 | . 3 . 3 4 4 . 2 4 . . Grunt 40 | . 10 . 13 . 12 4 . 1 . . Brawler 2 | . . . 1 . 1 . . . . . Duelist 2 | . . . 1 . 1 . . . . . Sentry 18 | . . . 9 . 7 . 1 1 . . Specialist 2 | . . . . . 2 . . . . . Hunter 4 | . . . . . 2 . 2 . . . Programmer 3 | . . . . . . 1 1 1 . . Heavy 1 | . . . . . 1 . . . . . Z-Light 7 | . . . . . . . . . . 7 Packrat 3 | . . . . . . . 3 . . . Assembled 20 | . . 4 . . . . . . . 16 Golem 2 | . . . . . . . . . . 2 Best Kill Streak 16 | 3 8 4 4 4 6 3 3 3 . 16 Combat Bots Only 16 | . 3 4 4 4 5 2 3 3 . 16 Max Kills in Single Turn 5 | 1 3 2 2 2 2 1 1 1 . 5 Gunslinging . | . . . . . . . . . . . Exploded 5 | . . 2 2 . 1 . . 1 . 5 Melee 1 | . . . . . . 1 . . . . Uniques/NPCs Destroyed 1 | . . . . . . . . . . 1 Z-Imprinter (-7/Deep Caves) Combat | -11 -10 -10 -9 -9 -8 -7 -7 -7 -7 -7 -------- Run | Yrd Mat Min Mat Min Mat Fac Low Low Zio Dee Hostile Shots Fired 781 | . 68 15 109 25 113 21 106 24 . 300 Missed 219 | . 17 7 33 5 31 8 35 6 . 77 Damage Taken 10862 | . 586 174 914 164 1320 203 533 224 . 6744 Core 1109 | . 101 71 193 13 29 65 24 18 . 595 Absorbed by Shields 14 | . . . 14 . . . . . . . Redirected to Shielding 308 | . . . . . . . . . . 308 Ignored by Resistances 406 | . . . . . 217 . 189 . . . Regen/Repaired (Parts) 396 | . 52 . . . 344 . . . . . Core Remaining (%) 68 | 100 . 31 . 48 94 . . . . . Volleys Fired 514 | 13 84 17 119 12 123 4 50 14 7 71 Largest 2 | 2 2 2 2 2 2 2 2 2 1 2 Hottest 180 | 40 80 80 91 78 136 96 96 180 90 180 Shots Fired 972 | 26 168 32 233 24 235 8 84 24 7 131 Gun 344 | 26 158 15 118 . 3 . . . . 24 Cannon 608 | . 10 15 111 24 225 8 84 22 7 102 Launcher 20 | . . 2 4 . 7 . . 2 . 5 Special . | . . . . . . . . . . . Kinetic 474 | 26 158 15 122 24 60 8 61 . . . Thermal 450 | . 10 15 107 . 168 . 23 22 7 98 Explosive 2 | . . 2 . . . . . . . . Electromagnetic 46 | . . . 4 . 7 . . 2 . 33 Robot Hit Streak 23 | 4 23 10 15 3 13 9 7 5 . 8 Robot Miss Streak 9 | 3 5 1 6 8 4 2 6 2 . 9 Penetration Max . | . . . . . . . . . . . Secondary Targets 3 | . 2 . . . . . . . . 1 Max Gunslinging Chain 1 | . 1 . . . . . . . . 1 Shots Hit Robots 555 | 13 106 23 137 7 141 26 24 11 2 65 Core Hits 295 | 5 60 13 56 5 74 6 13 8 . 55 Critical Kills 3 | . . . . . 2 1 . . . . Critical Parts Destroyed 2 | . . . . . . 2 . . . . Critical Strikes 9 | . . . 1 . 3 3 2 . . . Burn 1 | . . . . . 1 . . . . . Meltdown 2 | . . . . . 2 . . . . . Blast 3 | . . . 1 . . . 2 . . . Smash 3 | . . . . . . 3 . . . . Melee Attacks 37 | . . . . . 3 32 . . 2 . Impact 32 | . . . . . 3 29 . . . . Slashing . | . . . . . . . . . . . Piercing . | . . . . . . . . . . . Sneak Attacks 11 | . . . . . . 9 . . 2 . Combat Hostiles . | . . . . . . . . . . . Follow-up Attacks . | . . . . . . . . . . . Damage Inflicted 14390 | 171 1814 520 2730 167 3561 1312 697 365 . 3053 Guns 3190 | 171 1350 135 1045 . 51 . . . . 438 Cannons 7526 | . 86 212 1444 166 3010 132 697 307 . 1472 Explosions 2419 | . 351 172 214 . 481 . . 58 . 1143 Melee 1180 | . . . . . . 1180 . . . . Ramming 75 | . 27 1 27 1 19 . . . . . Kinetic 4297 | 171 1350 135 1108 166 916 132 319 . . . Thermal 6173 | . 86 212 1381 . 2145 . 378 307 . 1664 Explosive 523 | . 351 172 . . . . . . . . Electromagnetic 2142 | . . . 214 . 481 . . 58 . 1389 Impact 1180 | . . . . . . 1180 . . . . Slashing . | . . . . . . . . . . . Piercing . | . . . . . . . . . . . Highest Corruption 3 | . . . . . 2 . . . . 3 Average Corruption 1 | . . . . . 1 . . . . 2 Corruption Purged 2 | . . . . . 2 . . . . . Corruption Blocked . | . . . . . . . . . . . Effects 18 | . . . . . 18 . . . . . Message Errors 2 | . . . . . 2 . . . . . Matter Fused 6 | . . . . . 6 . . . . . Heat Flow Errors 2 | . . . . . 2 . . . . . Energy Discharges 2 | . . . . . 2 . . . . . Parts Fused 1 | . . . . . 1 . . . . . Data Loss (minor) 3 | . . . . . 3 . . . . . Alerts 1 | . . . . . 1 . . . . . Weapon Failures 1 | . . . . . 1 . . . . . Overload Shots 9 | . . . . . . . . . 6 3 Effects 1 | . . . . . . . . . 1 . Heat Surge 1 | . . . . . . . . . 1 . Overflow Damage 697 | . 63 . 18 . 29 365 51 35 . 136 Projectiles 201 | . . . 18 . 29 . 51 35 . 68 Explosions 131 | . 63 . . . . . . . . 68 Melee 365 | . . . . . . 365 . . . . Knockbacks 16 | . . . 1 1 8 3 3 . . . Impact 2 | . . . . . . 2 . . . . Kinetic 14 | . . . 1 1 8 1 3 . . . Secondary . | . . . . . . . . . . . Self-Inflicted Damage 159 | . . 43 . . 38 . . . . 78 Shots 8 | . . 2 . . 3 . . . . 3 Rammed 9 | . 3 1 2 1 2 . . . . . Targets Rammed 9 | . 3 1 2 1 2 . . . . . Kicked . | . . . . . . . . . . . Crushed . | . . . . . . . . . . . Highest Temperature 504 | . 108 108 175 . 307 36 . 99 94 504 Average Temperature 66 | . 40 38 40 . 59 19 . 46 64 140 Received Heat Transfer 2951 | . 282 . 356 . 486 99 96 18 . 1614 Effects 6 | . . . . . . . . . . 6 Energy Bleed 4 | . . . . . . . . . . 4 Interference 1 | . . . . . . . . . . 1 Damage (minor) 1 | . . . . . . . . . . 1 Siege Activations . | . . . . . . . . . . . Robots Corrupted 9 | . . . 1 . . 6 . . . 2 Combat Hostiles 5 | . . . 1 . . 2 . . . 2 Parts Fried 16 | . . . 3 . . 12 . . . 1 Impact Corruptions 11 | . . . . . . 11 . . . . Robots Melted 2 | . . . . . 2 . . . . . Combat Hostiles 1 | . . . . . 1 . . . . . Parts Melted 21 | . . 1 3 . 7 . 2 1 . 7 Heat Transferred 9550 | . 185 444 2553 . 3959 . 518 448 . 1443 Parts Sabotaged . | . . . . . . . . . . . Parts Stolen . | . . . . . . . . . . . Parts Stripped . | . . . . . . . . . . . Power Chain Reactions 3 | . . . . . . . . . . 3 Alert | -11 -10 -10 -9 -9 -8 -7 -7 -7 -7 -7 ------- Run | Yrd Mat Min Mat Min Mat Fac Low Low Zio Dee Peak Influence 358 | 20 304 16 358 128 305 290 . . . . Initial 123 | . 13 1 5 123 . 82 . . . . Average 134 | 10 84 5 200 51 174 169 . . . . Maximum Alert Level 1 | . 1 . 1 . 1 1 . . . . Low Security (%) 69 | 100 80 100 57 100 51 65 . . . . Level 1 30 | . 19 . 42 . 48 34 . . . . Level 2 . | . . . . . . . . . . . Level 3 . | . . . . . . . . . . . Level 4 . | . . . . . . . . . . . Level 5 . | . . . . . . . . . . . High Security . | . . . . . . . . . . . Max Security . | . . . . . . . . . . . Squads Dispatched 11 | . 2 1 3 . 4 1 . . . . Investigation 3 | . 1 1 1 . . . . . . . Extermination 1 | . . . . . . 1 . . . . Reinforcement 7 | . 1 . 2 . 4 . . . . . Assault . | . . . . . . . . . . . Garrison . | . . . . . . . . . . . Intercept . | . . . . . . . . . . . Searches Triggered . | . . . . . . . . . . . Construction Impeded 2 | . . . 1 . 1 . . . . . Haulers Reinforced . | . . . . . . . . . . . Active Scanning Responses . | . . . . . . . . . . . Cargo Convoy Interrupts . | . . . . . . . . . . . Stealth | -11 -10 -10 -9 -9 -8 -7 -7 -7 -7 -7 --------- Run | Yrd Mat Min Mat Min Mat Fac Low Low Zio Dee Distress Signals 7 | . 1 . 3 . 3 . . . . . Communications Jammed 1 | . . . . . . . 1 . . . Distress Signals 1 | . . . . . . . 1 . . . Times Spotted 207 | . 23 7 44 4 50 11 6 11 1 50 Peak Tracking Total 37 | . 4 7 7 4 7 2 3 5 1 37 Tactical Retreats 10 | . . . 1 . 3 1 . 4 . 1 Traps | -11 -10 -10 -9 -9 -8 -7 -7 -7 -7 -7 ------- Run | Yrd Mat Min Mat Min Mat Fac Low Low Zio Dee Traps Triggered 4 | . 2 . 2 . . . . . . . Indirectly . | . . . . . . . . . . . Trap Hack Attempts 97 | . . . . . 80 17 . . . . Triggered 1 | . . . . . 1 . . . . . Disarmed 2 | . . . . . 2 . . . . . Reprogrammed 10 | . . . . . 4 6 . . . . Reused 1 | . . . . . 1 . . . . . Traps Extracted . | . . . . . . . . . . . Installed . | . . . . . . . . . . . Triggered 2 | . . . . . 1 . 1 . . . Machines | -11 -10 -10 -9 -9 -8 -7 -7 -7 -7 -7 ---------- Run | Yrd Mat Min Mat Min Mat Fac Low Low Zio Dee Machines Disabled 13 | . 5 . 2 1 . . . . 3 2 Max in Single Turn 5 | . 5 . 1 1 . . . . 1 1 Machines Repaired . | . . . . . . . . . . . Machines Dismantled . | . . . . . . . . . . . Machines Sabotaged . | . . . . . . . . . . . Overloaded Fab Kills . | . . . . . . . . . . . Hacking | -11 -10 -10 -9 -9 -8 -7 -7 -7 -7 -7 --------- Run | Yrd Mat Min Mat Min Mat Fac Low Low Zio Dee Machines Accessed 32 | . 5 1 10 . 10 4 1 1 . . Terminals 20 | . 3 . 8 . 7 2 . . . . Fabricators 1 | . . . . . . 1 . . . . Repair Stations 2 | . 1 . . . 1 . . . . . Recycling Units 4 | . 1 . 1 . 1 1 . . . . Scanalyzers 2 | . . . 1 . 1 . . . . . Garrison Access . | . . . . . . . . . . . Total Hacks 98 | . 13 1 38 . 31 11 1 3 . . Successful 61 | . 4 1 23 . 21 8 1 3 . . Failed 37 | . 9 . 15 . 10 3 . . . . Catastrophic 6 | . 1 . 3 . 1 1 . . . . Database Lockouts . | . . . . . . . . . . . Manual 59 | . 10 . 22 . 19 8 . . . . Terminals 61 | . 8 . 27 . 19 7 . . . . Fabricators 1 | . . . . . . 1 . . . . Repair Stations 7 | . 3 . . . 4 . . . . . Recycling Units 17 | . 2 . 6 . 6 3 . . . . Scanalyzers 7 | . . . 5 . 2 . . . . . Garrison Access . | . . . . . . . . . . . Terminal Hacks 20 | . . 1 8 . 5 2 1 3 . . Record 3 | . . . . . . . . 3 . . Part Schematic 1 | . . . 1 . . . . . . . Robot Analysis 1 | . . . 1 . . . . . . . Prototype ID Bank 3 | . . . 3 . . . . . . . Open Door 2 | . . 1 . . . . 1 . . . Terminal Index 1 | . . . . . . 1 . . . . Recycling Unit Index 1 | . . . . . . 1 . . . . Alert Level 2 | . . . 1 . 1 . . . . . Unreport Threat 2 | . . . . . 2 . . . . . Locate Traps 1 | . . . . . 1 . . . . . Hauler Manifests 2 | . . . 1 . 1 . . . . . Zone Layout 1 | . . . 1 . . . . . . . Fabricator Hacks 1 | . . . . . . 1 . . . . Network Status 1 | . . . . . . 1 . . . . Repair Station Hacks 6 | . 2 . . . 4 . . . . . Scan Component 3 | . 1 . . . 2 . . . . . Repair 3 | . 1 . . . 2 . . . . . Recycling Unit Hacks 1 | . . . . . 1 . . . . . Retrieve Components 1 | . . . . . 1 . . . . . Scanalyzer 7 | . . . 5 . 2 . . . . . Insert Component 3 | . . . 2 . 1 . . . . . Analyze 4 | . . . 3 . 1 . . . . . Garrison Access Hacks . | . . . . . . . . . . . Unauthorized Hacks 26 | . 2 . 10 . 9 5 . . . . Terminals 18 | . 2 . 7 . 6 3 . . . . Assimilate 1 | . . . . . . 1 . . . . Botnet 4 | . . . 2 . 1 1 . . . . Skim 13 | . 2 . 5 . 5 1 . . . . Fabricators . | . . . . . . . . . . . Repair Stations . | . . . . . . . . . . . Recycling Units 8 | . . . 3 . 3 2 . . . . Reject 3 | . . . 1 . 1 1 . . . . Recyclers 2 | . . . 1 . 1 . . . . . Mask 3 | . . . 1 . 1 1 . . . . Scanalyzers . | . . . . . . . . . . . Garrison Access . | . . . . . . . . . . . Data Cores Recovered 1 | . 1 . . . . . . . . . Used . | . . . . . . . . . . . Hacking Detections 26 | . 5 . 10 . 8 3 . . . . Full Trace Events 2 | . 1 . 1 . . . . . . . Feedback Events . | . . . . . . . . . . . Feedback Blocked . | . . . . . . . . . . . Robot Schematics Acquired 3 | . . . . . . . . . 3 . Robots Built . | . . . . . . . . . . . Authchips . | . . . . . . . . . . . Time . | . . . . . . . . . . . Total Robot Build Rating . | . . . . . . . . . . . Part Schematics Acquired 18 | . . . 3 . 1 . . . 14 . Parts Built . | . . . . . . . . . . . Authchips . | . . . . . . . . . . . Time . | . . . . . . . . . . . Total Part Build Rating . | . . . . . . . . . . . Parts Repaired 3 | . 1 . . . 2 . . . . . Time 90 | . 26 . . . 64 . . . . . Parts Recycled . | . . . . . . . . . . . Recycled Matter . | . . . . . . . . . . . Retrieved Matter . | . . . . . . . . . . . Retrieved Components . | . . . . . . . . . . . Parts Scanalyzed 3 | . . . 2 . 1 . . . . . Part Schematics Acquired 3 | . . . 2 . 1 . . . . . Parts Damaged . | . . . . . . . . . . . Bothacking | -11 -10 -10 -9 -9 -8 -7 -7 -7 -7 -7 ------------ Run | Yrd Mat Min Mat Min Mat Fac Low Low Zio Dee Used RIF Installer . | . . . . . . . . . . . Robots Hacked 4 | . . . . . . 2 . . 2 . Non-combat 2 | . . . . . . 2 . . . . Combat 2 | . . . . . . . . . 2 . Robot Hacks Applied 4 | . . . . . . 2 . . 2 . parse_system 2 | . . . . . . . . . 2 . no_distress 1 | . . . . . . 1 . . . . find_chute 1 | . . . . . . 1 . . . . Relay Couplers Released . | . . . . . . . . . . . Fabnet Peak Effective % . | . . . . . . . . . . . Robots Rewired . | . . . . . . . . . . . Allies Hacked . | . . . . . . . . . . . Hacks Repelled . | . . . . . . . . . . . Allies | -11 -10 -10 -9 -9 -8 -7 -7 -7 -7 -7 -------- Run | Yrd Mat Min Mat Min Mat Fac Low Low Zio Dee Total Allies 1 | . . . . . . 1 . . . . Largest Group 1 | . . . . . . 1 . . . . Highest-Rated Group 26 | . . . . . . 26 . . . . Highest-Rated Ally 26 | . . . . . . 26 . . . . Total Orders 1 | . . . . . . 1 . . . . STAY 1 | . . . . . . 1 . . . . Ally Attacks . | . . . . . . . . . . . Total Damage . | . . . . . . . . . . . Kills . | . . . . . . . . . . . Allies Corrupted . | . . . . . . . . . . . Allies Melted . | . . . . . . . . . . . Intel | -11 -10 -10 -9 -9 -8 -7 -7 -7 -7 -7 ------- Run | Yrd Mat Min Mat Min Mat Fac Low Low Zio Dee Robot Analysis Total 1 | . . . 1 . . . . . . . Derelict Logs Recovered 10 | . . . . 3 . . 3 2 2 . Drone Launches . | . . . . . . . . . . . Drone Recoveries . | . . . . . . . . . . . Exploration | -11 -10 -10 -9 -9 -8 -7 -7 -7 -7 -7 ------------- Run | Yrd Mat Min Mat Min Mat Fac Low Low Zio Dee Turns Passed 24799 | 214 3526 993 3849 1392 3933 882 2553 2414 3021 2022 Spaces Moved 9742 | 99 1080 292 1401 565 1361 1217 984 956 1207 580 Core 11 | 11 . . . . . . . . . . Treads 8184 | 88 1080 292 1401 565 1361 133 984 956 1207 117 Legs 388 | . . . . . . . . . . 388 Wheels . | . . . . . . . . . . . Hover 75 | . . . . . . . . . . 75 Flight 1084 | . . . . . . 1084 . . . . Fastest Speed 26 | 50 160 320 240 240 158 26 238 245 247 210 Average Speed 227 | 153 293 320 240 240 237 51 241 246 247 280 Slowest Speed 640 | 200 320 320 320 240 240 238 323 247 247 640 Overloaded Moves . | . . . . . . . . . . . Propulsion Burnouts . | . . . . . . . . . . . Robots Hopped 1 | . . . . . . 1 . . . . Cave-ins Triggered . | . . . . . . . . . . . Exploration Rate (%) 70 | 6 99 47 89 99 84 14 96 94 86 62 Regions Visited 10 Branch Regions 6 Pre-discovered Areas 5 | . . . 1 2 . . . 1 1 . Known Exits Taken 6 | . . . . 1 1 1 1 1 1 . Unknown Exits Taken 4 | 1 1 1 1 . . . . . . . Scrap Searched 8 | . . . . 1 . . 4 1 2 . Spaces Dug 23 | . . 6 . . 3 3 9 2 . . Terrain Destroyed 136 | . 28 12 . 2 12 4 20 11 . 47 Melee 6 | . . . . . 3 3 . . . . Projectile 78 | . . . . 2 9 1 20 11 . 35 AOE 52 | . 28 12 . . . . . . . 12 Terrain Rammed . | . . . . . . . . . . . Walls Destroyed . | . . . . . . . . . . . Machines Disabled . | . . . . . . . . . . . Actions | -11 -10 -10 -9 -9 -8 -7 -7 -7 -7 -7 --------- Run | Yrd Mat Min Mat Min Mat Fac Low Low Zio Dee Total 11373 | 132 1272 319 1658 577 1827 1434 1081 984 1243 846 Wait 350 | 4 44 . 36 . 120 16 36 8 2 84 Move 9730 | 98 1079 291 1400 564 1360 1214 983 955 1206 580 Hop 1 | . . . . . . 1 . . . . Pick Up 195 | 8 34 4 26 . 43 44 2 1 6 27 Fast Attach 84 | 7 . . 10 . 25 16 3 1 3 19 Attach 45 | . 1 . 2 . 4 12 1 1 4 20 Detach 7 | . . . . . . 6 . . 1 . Swap 83 | . 10 2 21 . 20 10 2 3 3 12 Drop 221 | 2 17 4 42 . 47 62 4 1 9 33 Fire 514 | 13 84 17 119 12 123 4 50 14 7 71 Melee 37 | . . . . . 3 32 . . 2 . Ram . | . . . . . . . . . . . Kick . | . . . . . . . . . . . Crush 9 | . 3 1 2 1 2 . . . . . Escape Stasis . | . . . . . . . . . . . Rewire . | . . . . . . . . . . . Trap 97 | . . . . . 80 17 . . . . Miscellaneous . | . . . . . . . . . . . Route ------- -11/Scrapyard -10/Materials (discovered 6 exits: *Mat x3 / *Min x2 / [*Sub]) -10/Mines (discovered 2 exits: *Mat x2) -9/Materials (discovered 5 exits: *Mat x3 / [*Min x2]) -9/Mines (discovered 2 exits: *Mat x2) -8/Materials (discovered 3 exits: *Fac x3) -7/Factory (discovered 6 exits: Fac x3 / Sto / *Low x2) -7/Lower Caves -7/Lower Caves (discovered 2 exits: *Fac / *Zio) -7/Zion (discovered 2 exits: *Dee / [*Pro]) -7/Deep Caves History --------- Turn | Location | Event 22 | -11/Scrapyard | Discovered new exit (range 14) 215 | -11/Scrapyard | Entered Materials 306 | -10/Materials | Build established: Mutant 401 | -10/Materials | Discovered new exit (range 13) 1252 | -10/Materials | Discovered new exit (range 6) 1344 | -10/Materials | Discovered new exit (range 8) 1521 | -10/Materials | Discovered new exit (range 16) 1850 | -10/Materials | Discovered new exit (range 14) 2201 | -10/Materials | Repaired Assault Rifle 2725 | -10/Materials | Discovered new exit (range 10) 3741 | -10/Materials | Entered Mines 3764 | -10/Mines | Discovered new exit (range 9) 3857 | -10/Mines | Received a Rocket Launcher from a helpful Derelict 3898 | -10/Mines | Deemed a non-threat by the Exiles lab entrance 4055 | -10/Mines | Discovered new exit (range 8) 4139 | -10/Mines | Met a Derelict shopkeep closing up shop 4562 | -10/Mines | Assembled infested the area 4567 | -10/Mines | Assisted by a Guerilla fighting off Assembled 4610 | -10/Mines | Core integrity fell below 50% 4734 | -10/Mines | Entered Materials 4734 | -9/Materials | Evolved 2 slots: Propulsion x1, Utility x1 5063 | -9/Materials | Build established: Scavenger-Mutant 5267 | -9/Materials | Discovered new exit (range 16) 5705 | -9/Materials | Discovered new exit (range 16) 5816 | -9/Materials | Build established: Mutant 6065 | -9/Materials | Discovered new exit (range 14) 6506 | -9/Materials | Identified exit to Materials 6625 | -9/Materials | Learned 4 Recycling zone layouts 6708 | -9/Materials | Learned Storage garrison access intel 6767 | -9/Materials | Learned location of 1 exit from Recycling 6814 | -9/Materials | Learned 2 Storage zone layouts 6871 | -9/Materials | Learned 2 Storage zone layouts 8583 | -9/Materials | Entered Mines 8614 | -9/Mines | Met a Derelict bent on vengeance 8751 | -9/Mines | Discovered exit to Materials (range 3) 8848 | -9/Mines | Learned Materials trap positions 9114 | -9/Mines | Learned location of Recycling (-7) 9190 | -9/Mines | Core integrity fell below 50% 9372 | -9/Mines | Discovered exit to Materials (range 11) 9975 | -9/Mines | Entered Materials 9975 | -8/Materials | Evolved 2 slots: Propulsion x1, Utility x1 9976 | -8/Materials | Loaded intel: 23 trap records 10831 | -8/Materials | Discovered new exit (range 3) 11510 | -8/Materials | Build established: Scavenger-Mutant 11607 | -8/Materials | Discovered new exit (range 8) 12120 | -8/Materials | Learned 4 Factory zone layouts 12152 | -8/Materials | Identified exit to Factory 12174 | -8/Materials | Learned Storage stockpile data 12187 | -8/Materials | Learned location of 1 exit from Recycling 12190 | -8/Materials | Learned Factory trap positions 12191 | -8/Materials | Learned location of 2 exits from Factory 12196 | -8/Materials | Learned location of 2 exits from Lower Caves 12211 | -8/Materials | Learned Storage stockpile data 12690 | -8/Materials | Repaired Huge Storage Unit 12836 | -8/Materials | Repaired Arm. Treads 13908 | -8/Materials | Entered Factory 13908 | -7/Factory | Evolved 2 slots: Utility x2 13909 | -7/Factory | Identified exit to Factory 13909 | -7/Factory | Identified exit to Storage 13909 | -7/Factory | Identified exit to Lower Caves 13912 | -7/Factory | Loaded intel: 89 trap records 14193 | -7/Factory | Build established: Hacker-Sprinter 14790 | -7/Factory | Entered Lower Caves 14791 | -7/Lower Caves | Identified exit to Lower Caves 14842 | -7/Lower Caves | Build established: Scavenger-Mutant 15663 | -7/Lower Caves | Attracted the attention of an 0b10 checkpoint 16021 | -7/Lower Caves | Learned Factory non-interactive machine intel 16055 | -7/Lower Caves | Learned Factory emergency access door positions 17343 | -7/Lower Caves | Entered another Lower Caves area 17344 | -7/Lower Caves | Identified exit to Zion 17364 | -7/Lower Caves | Attracted the attention of an 0b10 checkpoint 17457 | -7/Lower Caves | Discovered exit to Factory (range 9) 17528 | -7/Lower Caves | Build established: Mutant 17946 | -7/Lower Caves | Learned Factory emergency access door positions 18525 | -7/Lower Caves | Learned location of 1 exit from Factory 19757 | -7/Lower Caves | Entered Zion 19874 | -7/Zion | Learned Factory emergency access door positions 19958 | -7/Zion | Discovered new exit (range 12) 20399 | -7/Zion | Found CR-A16's Pointy Stick 20618 | -7/Zion | Given the Hacking Drone Bay 20628 | -7/Zion | Found Prototype Device 20628 | -7/Zion | Identified Hacking Drone Bay 20696 | -7/Zion | Learned location of Quarantine (-2) 21007 | -7/Zion | Met Imprinter 22773 | -7/Zion | Discovered new exit (range 3) 22773 | -7/Zion | Saw the warning signs outside the Deep Caves entrance 22776 | -7/Zion | Identified exit to Deep Caves 22778 | -7/Zion | Entered Deep Caves 23028 | -7/Deep Caves | Attacked by Z-Imprinter 23124 | -7/Deep Caves | Lost 8 parts (4n2u2w) 23130 | -7/Deep Caves | Destroyed Z-Imprinter 23183 | -7/Deep Caves | Found Prototype Protection 23183 | -7/Deep Caves | Identified Zio. Weapon Casing 23323 | -7/Deep Caves | Found Zio. Weapon Casing 23459 | -7/Deep Caves | Build established: Scavenger-Mutant 23785 | -7/Deep Caves | Z-Facility disabled 23832 | -7/Deep Caves | Lost 8 parts (1p1n2u4w) 23878 | -7/Deep Caves | Found Zio. Weapon Casing 23996 | -7/Deep Caves | Found Zio. Weapon Casing 24002 | -7/Deep Caves | Found Prototype Protection 24002 | -7/Deep Caves | Identified Zio. Heavy Carapace 24102 | -7/Deep Caves | Found Zio. Heavy Carapace 24286 | -7/Deep Caves | Build established: Mutant 24525 | -7/Deep Caves | Spotted AG-35758 24562 | -7/Deep Caves | Destroyed AG-35758 24680 | -7/Deep Caves | Spotted AG-12959 24699 | -7/Deep Caves | Core integrity fell below 50% 24718 | -7/Deep Caves | Destroyed AG-12959 24747 | -7/Deep Caves | Lost 5 parts (2n3u) 24788 | -7/Deep Caves | Exposed GOLEM chamber 24789 | -7/Deep Caves | Triggered Deep Caves wall 24793 | -7/Deep Caves | Spotted AS-13846 24797 | -7/Deep Caves | Core integrity fell below 20% 24798 | -7/Deep Caves | Spotted AS-35498 24800 | -7/Deep Caves | Destroyed by as-34618 with Assembled Blade Last Messages --------------- 24797_ Phase Shifter destroyed. 24797_ Zio. Composite Leg I destroyed. 24798_ GOLEM Unit springs to life. 24799_ AG-92538 GOLEM Unit beginning Prototype Leg integration. 24799_ Destroyed Asb. F-torch. 24799_ as-64299 destroyed. 24799_ Destroyed Asb. Hover Unit. 24799_ Adv. EMP Blaster destroyed. 24799_ Destroyed Adv. EMP Blaster. 24799_ Destroyed Phase Shifter. 24799_ as-58670 destroyed. 24799_ as-10738 destroyed. 24799_ as-16268 destroyed. 24799_ Chain reaction triggered in Corrupted Lgt. Nuclear Core. 24799_ as-63193 destroyed. 24799_ Chain reaction triggered in Corrupted Lgt. Nuclear Core. 24799_ UX-8YJ(h) destroyed. Map ----- +----------------------------------------------------+ | ???????????????????????????????????????????? | | ???????????????????????????????????????????? | | ???????????????????????????????????????????? | | ???????????????????????????????????????????? | | ???????????????????? ??????????????????????? | | ?????????????????# ? ??????????????????????? | | ?????????????? ? ??##??????????????????? | | ???????????? # ?? #??????????????????? | | ?????????? ?? #??????????????????? | | ??????????" ?? ???????????????????? | | ????????? #? ???????????????????? | | ????????? # ???????????????????? | | ????????" ???????????????????? | | ????????# ???????????????????? | | ????????"! ! ????????????????????? | | ????????"! ????????????????????? | | ???????""! a ????????????????????? | | ???????"!! = #?###????????????????? | | ????????"G [% #?# #????????????????? | | ??????### ### ####?????????????? | | ??????" a # #?????????????? | | ????? a ##???????????????? | | ????? a a ! M###?????????????? | | ???? aa h #?????????????? | | ???? a a a a !%! ###?????????????? | | ???? aa a a a@ ##??? ?? ?????? | | ???? a a %a #??# ## #????? | | ????A a #??# ## #????? | | ?????"" a ! #??# ## #????? | | ??????### #??# ## #????? | | ???????"G! % ] #??# ## ##???? | | ???????""" M #??# ## ##?## | | ?????????" ! #?## ## ## | | ?????????" ] ### ## # | | ?????????" = ## ## ## | | ????????? * !*= ## # | | ????????" b s ## | | ????????? l ## | | ????????? | | ????????""" l = | | ????????" | | ?????????" % ## | | ????????" # | | ?????????" ## ## | | ????????" "%" ### ### ###### | | ????????" #### "" "" ##?####?####????? | | ????????""" #????# "" ""##???????????????? | | ???????????????????###" " #????????????????? | | ?????????????????????######????????????????? | | | +----------------------------------------------------+ Best States ------------- Heat Dissipation 113 Energy Generation 27 Energy Capacity 290 Matter Stores 300 Matter Capacity 300 Sight Range 16 Robot Scan Range 15 Terrain Scan Range 16 Terrain Scan Density 10 ECM Strength 1 Jamming Range 12 Armor Coverage 1200 Resistance: KI 30 Resistance: EM 15 Weapon Shielding 100 Phase Shifting 5 Evasion (%) 64 Armor Integrity Analysis 30 Recoil Reduction 4 Offensive Hacking 20 Defensive Hacking 10 Item Schematics ----------------- ECM Suite | -9/Materials | Hacked Hacking Suite | -9/Materials | Scanalyzed Imp. Flight Unit | -9/Materials | Scanalyzed Imp. Propulsion Shielding | -8/Materials | Scanalyzed EM Disruption Field | -7/Zion | Archive Imp. Field Recycling Unit | -7/Zion | Archive Imp. Shock Absorption System | -7/Zion | Archive Variable Charge Gun | -7/Zion | Archive Powered Hammer | -7/Zion | Archive Lgt. Fission Core | -7/Zion | Archive Imp. EM Pulse Cannon | -7/Zion | Archive Adv. Terrain Scanner | -7/Zion | Archive Adv. Heat Sink | -7/Zion | Archive Imp. Shield Generator | -7/Zion | Archive Gatling Laser | -7/Zion | Archive Plasma Rifle | -7/Zion | Archive Imp. Proton Missile Launcher | -7/Zion | Archive Xenon Bombardment Thruster | -7/Zion | Archive Robot Schematics ------------------ T-07 Excavator | -7/Zion | Archive A-02 Transporter | -7/Zion | Archive C-57 Dissector | -7/Zion | Archive Fabricated ------------ Nothing Alien Tech Used ----------------- None Achievements -------------- None Challenges ------------ None Game ------ Seed EnhancedHardlightGenerator Manual? 0 Play Time 01:42:37 Cumulative 378.4 hours Start 2024.10.17 @ 13:30:58 End 2024.10.17 @ 15:13:20 Sessions 1 Manual Loads 0 Difficulty Rogue Special Mode None Game No. 266 Rogue 261 Adventurer 5 Explorer 0 Win Type - Total 9 Types 4/0/5/0/0/0/0/0/0 Lore% 72 Gallery% 87 Achievement% 72 Wizard Run 0 Options --------- Layout 2 ASCII 0 Keyboard 0 Movement Mouse Keybinds 0 Fullscreen 2 Font 24/Smallcaps Map View 50x44 Zoom Use 0% Tactical HUD 1 Map Filters NONE Filters NONE Steam 1 RUN: c98c51e6-42c5-4db9-b2a4-a9d5399fee22